 Dungeon Crawl Stone Soup version 0.29.1-1-gd02db6906a (webtiles) character file.

Game seed: 9501958756315013096

109 Ijustatesigmund the Trooper (level 4, -3/30 HPs)
             Began as a Gargoyle Fighter on Sept 22, 2022.
             Slain by a gnoll
             ... wielding a +0 whip
              (6 damage)
             ... on level 4 of the Dungeon.
             The game lasted 00:03:13 (2924 turns).

Ijustatesigmund the Trooper (Gargoyle Fighter)      Turns: 2924, Time: 00:03:13

Health: -3/30      AC: 12    Str: 21    XL:     4   Next: 89%
Magic:  4/4        EV:  9    Int:  9    God:
Gold:   200        SH:  4    Dex:  9    Spells: 3/3 levels left

rFire   . . .      SeeInvis .   a - +0 flail
rCold   . . .      Faith    .   c - +0 buckler
rNeg    + . .      Spirit   .   b - +0 scale mail
rPois   ∞          Reflect  .   e - +0 helmet
rElec   +          Harm     .   (no cloak)
rCorr   .          Rampage  .   k - +0 pair of gloves
Will    .....                   (no boots)
Stlth   ..........              (no amulet)
HPRegen 0.10/turn               (no ring)
MPRegen 0.09/turn               (no ring)

@: flying
A: sickness immunity, AC +3, negative energy resistance 1, electricity
resistance, torment resistance 1, petrification resistance
a: no special abilities


You were on level 4 of the Dungeon.
You visited 1 branch of the dungeon, and saw 4 of its levels.

You collected 200 gold pieces.

Inventory:

Hand Weapons
 a - a +0 flail (weapon)
Armour
 b - a +0 scale mail (worn)
 c - a +0 buckler (worn)
 e - a +0 helmet (worn)
 k - a +0 pair of gloves (worn)
Jewellery
 m - an amulet of magic regeneration
Potions
 d - a potion of might
 f - a potion of lignification
 g - a potion of heal wounds {unknown}
 h - 2 potions of curing
 i - a potion of brilliance {unknown}


   Skills:
 + Level 4.8 Fighting
 + Level 3.7 Maces & Flails
 - Level 3.2 Armour
 - Level 3.2 Shields


You had 3 spell levels left.
You didn't know any spells.
Your spell library contained the following spells:

 Spells                   Type           Power      Damage    Failure   Level
 Inner Flame              Hex/Fire       0%         N/A       99%         3
 Cause Fear               Hex            0%         N/A       100%        4
 Discord                  Hex            0%         N/A       100%        8


Dungeon Overview and Level Annotations

Branches:
Dungeon (4/15)
 Temple: D:4-7

Altars:
Ashenzari
Okawaru


Innate Abilities, Weirdness & Mutations

You are immune to sickness and miasma.
Your stone body is resilient. (AC +3)
You are immune to poison.
You resist negative energy. (rN+)
You are resistant to electric shocks. (rElec)
You are resistant to unholy torment.
You are immune to petrification.


Message History

The gnoll hits you from afar with a +0 spear.
The gnoll throws a throwing net.
The throwing net barely misses you.
There is an open door here.
You barely miss the gnoll.
The gnoll hits you from afar with a +0 spear.
The gnoll hits you but does no damage.
You hit the gnoll.
The gnoll is moderately wounded.
The gnoll hits you but does no damage. You block the gnoll's attack.
The gnoll hits you but does no damage.
The gnoll hits you from afar with a +0 spear.
You sock the gnoll!
The gnoll is almost dead.
The gnoll hits you from afar with a +0 spear.
The gnoll barely misses you. The gnoll hits you with a +0 whip.
You are too injured to fight recklessly!
You are too injured to fight recklessly!
You are too injured to fight recklessly!
You are too injured to fight recklessly!
You are too injured to fight recklessly!
You are too injured to fight recklessly!
You are too injured to fight recklessly!
You are too injured to fight recklessly!
You are too injured to fight recklessly!
You are too injured to fight recklessly!
You are too injured to fight recklessly!
You are too injured to fight recklessly!
You are too injured to fight recklessly!
You closely miss the gnoll.
The gnoll is almost dead.
The gnoll hits you from afar with a +0 spear!
* * * LOW HITPOINT WARNING * * *
The gnoll hits you with a +0 flail.
* * * LOW HITPOINT WARNING * * *
The gnoll hits you but does no damage.
It was a potion of flight.
You feel very buoyant.
You fly up into the air.
The gnoll hits you but does no damage. The gnoll hits you with a +0 whip.
You die...

+##################+
......)'...(@g......
......)#....#g......
.......#....#.g.....
########''''########
................
~~~~~~~~....~~~≈
≈≈≈~≈≈≈≈~≈....≈≈≈≈
~~~~~~~~≈~≈....~≈~≈
...................


You could see 3 gnolls.

Vanquished Creatures
  2 gnolls (D:4)
  2 adders
  A worm (D:2)
  3 dart slugs
  2 orcs (D:4)
  3 ball pythons
  2 endoplasms
  5 giant cockroaches
  4 goblins
  5 hobgoblins
  8 jackals
  3 kobolds
  7 quokkas
  4 bats
  A frilled lizard (D:1)
  3 rats
55 creatures vanquished.

Vanquished Creatures (others)
  3 plants
3 creatures vanquished.

Grand Total: 58 creatures vanquished

Notes
Turn   | Place    | Note
-------+----------+-------------------------------------------
     0 | D:1      | Ijustatesigmund the Gargoyle Fighter began the quest for
                  | the Orb.
     0 | D:1      | Reached XP level 1. HP: 14/14 MP: 1/1
   214 | D:1      | Reached XP level 2. HP: 14/19 MP: 2/2
   340 | D:1      | Found a faded altar of an unknown god.
   989 | D:2      | Found an iron altar of Okawaru.
  1020 | D:2      | Reached XP level 3. HP: 14/24 MP: 3/3
  1194 | D:2      | Reached skill level 4 in Fighting
  1918 | D:3      | Found a broken altar of Ashenzari.
  2155 | D:3      | Reached XP level 4. HP: 24/30 MP: 4/4
  2924 | D:4      | Slain by a gnoll

Illustrated notes

Levels and vault maps discovered:
D:1:      wander_arrival_lonely_grave, layout_loops_ring,
          shapermc_ecumenical_altar_mp_ritualfount, minmay_cut_off
D:2:      layout_basic, basic_altar
D:3:      layout_loops_ring, lemuel_coloured_pillars_altar
D:4:      lemuel_castle_with_subvaults [lemuel_castle_interior_carwin_3],
          layout_basic, tso_altar, hangedman_abyss_or_decor_jellyfish_corner

Skill      XL: |  1  2  3 |
---------------+----------+-----
Fighting       | 4 |  4.8
Maces & Flails | 3 |  3.7
Armour         | |  3.2
Shields        | |  3.2

Action                   |  1- 3 |  4- 6 || total
-------------------------+-------+-------++-------
Melee: Flail             |   138 |    39 ||   177
  Use: Scroll            |     6 |     2 ||     8
       Potion            |       |     1 ||     1
Armor: Scale mail        |    67 |    31 ||    98
Dodge: Dodged            |    74 |    17 ||    91
Block: Buckler           |    29 |     9 ||    38
